 Dungeon Crawl Stone Soup version 0.26-a0-547-g695e311587 (webtiles) character file.

Game seed: 6717806516581933950

(classic levelgen) 4961 EnegeticOcto the Grappler (level 10, -12/102 HPs)
             Began as a Troll Fighter on Aug 20, 2020.
             Was a Priest of Cheibriados.
             Mangled by a yak (18 damage)
             ... on level 1 of the Lair of Beasts.
             The game lasted 00:12:39 (2286 turns).

EnegeticOcto the Grappler (Troll Fighter)           Turns: 2286, Time: 00:12:39

Health: -12/102    AC:  8    Str: 29    XL:     10   Next: 28%
Magic:  8/9        EV:  9    Int: 11    God:    Cheibriados [***...]
Gold:   48         SH: 11    Dex: 23    Spells: 9/9 levels left

rFire    . . .     SeeInvis .     - Unarmed
rCold    . . .     Faith    .   b - +1 kite shield
rNeg     . . .     Spirit   .   a - +0 robe
rPois    +         Reflect  .   h - +2 hat
rElec    +         Harm     .   m - scarf {+Inv}
rCorr    .                      (gloves unavailable)
MR       +....                  (boots unavailable)
Stlth    ++........             (no amulet)
HPRegen  0.67/turn              k - ring of protection from magic
MPRegen  0.11/turn              q - ring of Zeideck {rElec rPois Str-4 Dex+4} (curse)

@: lethally poisoned (-12 -> -13), very slightly contaminated, invisible
(expiring), very slow
A: large, unfitting armour, claws 3, regeneration 1, shaggy fur 1, tough skin 3
a: Bend Time, Temporal Distortion, Renounce Religion


You were on level 1 of the Lair of Beasts.
You worshipped Cheibriados.
Cheibriados was most pleased with you.
You visited 3 branches of the dungeon, and saw 11 of its levels.

You collected 325 gold pieces.
You spent 277 gold pieces at shops.

Inventory:

Hand Weapons
 g - the +9 staff of Olgreb {rPois∞}
   (You found it on level 9 of the Dungeon)

   It grants immunity to poison.
Missiles
 d - 2 boomerangs (quivered)
Armour
 a - a +0 robe (worn)
 b - a +1 kite shield (worn)
 f - the cursed -3 pair of boots of Refuge {Dex+4, unknown}
   (You found it on level 8 of the Dungeon)

   It affects your dexterity (+4).
   It has a curse placed upon it.
 h - a +2 hat (worn)
 m - a scarf of invisibility (worn)
Jewellery
 k - a ring of protection from magic (left claw)
 q - the cursed ring of Zeideck (right claw) {rElec rPois Str-4 Dex+4}
   (You bought it in a shop on level 7 of the Dungeon)

   [ring of strength]

   It affects your strength (-4).
   It affects your dexterity (+4).
   It insulates you from electricity.
   It protects you from poison.
   It has a curse placed upon it.
 r - an uncursed ring of protection from magic
Wands
 o - a wand of random effects (25)
Scrolls
 e - 4 scrolls of identify {@r1}
 j - a scroll of teleportation {@r3 !r}
 l - a scroll of immolation
 n - a scroll of fear {!r}
 p - 2 scrolls of remove curse {@r2}
Potions
 c - 2 potions of might {@q3 !q}
 i - 3 potions of lignification {@q6}


   Skills:
 + Level 7.0 Fighting
 - Level 2.4 Dodging
 - Level 2.4 Shields
 * Level 11.2 Unarmed Combat
 - Level 5.0 Evocations


You had 9 spell levels left.
You didn't know any spells.
Your spell library was empty.

Dungeon Overview and Level Annotations

Branches:
Dungeon (9/15)             Temple (1/1) D:5            Lair (1/6) D:8
    Orc: D:9-12

Altars:
Ashenzari
Cheibriados
Fedhas
Gozag
Hepliaklqana
Kikubaaqudgha
Makhleb
Nemelex Xobeh
Qazlal
Ru
Sif Muna
Trog
Uskayaw
Vehumet
Xom
Zin
The Shining One
Lugonu

Shops:
D:4 [   D:7 =   D:8 (

Annotations:
D:5 1 runed translucent door, Crazy Yiuf
D:9 1 runed translucent door


Innate Abilities, Weirdness & Mutations

You are too large for most types of armour.
You have claws for hands.
Your natural rate of healing is unusually fast.
You are covered in fur. (AC +1)
You have extremely tough skin. (AC +3)


Message History

Cheibriados appreciates the change of pace.
Your Unarmed Combat skill increases to level 11!
No target in view!
No target in view!
Found 51 stones.
Found 22 stones.
Found 19 stones.
A yak comes into view.
A yak comes into view.
You fail to use your ability.
You block the yak's attack.
You fade into invisibility!
You are very lightly contaminated with residual magic.
You block the yak's attack.
You barely miss the yak. You block the yak's attack.
You mangle the yak!!
The yak is heavily wounded.
The yak closely misses you.
You catch the helpless yak completely off-guard!
You scratch the yak.
The yak is severely wounded.
You block the yak's attack.
You claw the yak!
The yak is almost dead.
The yak bellows!
You hear a bellow! x2
The yak barely misses you.
You claw the yak!
You kill the yak!
Cheibriados thoroughly appreciates the change of pace.
Your Fighting skill increases to level 7!
A yak comes into view.
The yak moves out of view.
You see here a ring of protection from magic.
r - a ring of protection from magic You see here 23 stones.
A yak comes into view. 2 yaks come into view.
A cane toad comes into view.
A yak comes into view.
The yak moves out of view.
Found a scroll of remove curse. 2 yaks come into view.
The yak bellows! x2; You hear a bellow! x2; The cane toad croaks.
You hear a bellow! x2
A yak comes into view.
A yak comes into view.
You flicker for a moment.
A yak comes into view. 2 yaks come into view.
Evoke which item? (* to show all) (? for menu, Esc to quit)
Okay, then.
Okay, then.
You flicker back into view.
The yak bellows!
The cane toad croaks.
The yak bellows! x4
The cane toad stings you!!
The yak bellows! x4
You scratch the cane toad.
The cane toad is lightly wounded.
You hear a bellow!
The cane toad stings you!
You are poisoned.
The cane toad poisons you!
You scratch the cane toad but do no damage.
The cane toad is lightly wounded.
You feel sick.
The cane toad stings you but does no damage.
You claw the cane toad!
The cane toad is heavily wounded.
You feel sick. You block the cane toad's attack.
You barely miss the cane toad.
The cane toad is heavily wounded.
You block the cane toad's attack. The yak gores you!
You claw the cane toad!
The cane toad is severely wounded.
You feel sick. The cane toad stings you! The yak gores you!
You block the cane toad's attack.
You mangle the cane toad!!
You kill the cane toad!
Cheibriados thoroughly appreciates the change of pace.
Training target 5.0 for Evocations reached!
Your Evocations skill increases to level 5!
You feel sick. The yak gores you!
* * * LOW HITPOINT WARNING * * *
You fail to use your ability.
You feel sick. The yak gores you!
* * * LOW HITPOINT WARNING * * *
You block the yak's attack.
You fade into invisibility!
You feel sick. The yak gores you.
* * * LOW HITPOINT WARNING * * *
The yak barely misses you.
You feel sick. You block the yak's attack.
You feel sick. The yak closely misses you.
You feel sick. The yak barely misses you.
You feel sick. You block the yak's attack.
You feel sick.
You feel sick. You block the yak's attack.
You feel sick. The yak gores you but does no damage.
You flicker for a moment.
You feel sick. The yak gores you!!
You die...

##..YY......P#
#Y....Y......#
#YY.(.......#
#.Y.P.(.....#
#...((......#
#Y....(......#
##............#
#.Y##.......... .
##.@........###
..#.#.#......##
.............##
...............# ###
$..............####.####
........................
........................
.......................
#P#####.###########.##


You could see 4 yaks.

Vanquished Creatures
  2 cane toads (Lair:1)
  A yak (Lair:1)
  2 water moccasins (D:9)
  3 soldier ants (D:9)
  2 orc warriors
  4 porcupines (D:8)
  3 black bears (D:8)
  An ice beast (D:6)
  2 wolves (D:8)
  3 ogres
  3 centaurs
  A necrophage (D:7)
  3 crocodiles (D:8)
  A big kobold (D:9)
  2 bullfrogs
  2 scorpions
  12 killer bees
  3 howler monkeys
  A bullfrog zombie (D:5)
  4 hounds
  2 jellies
  An orc wizard (D:7)
  4 orc priests
  2 bullfrog skeletons
  An iguana (D:6)
  7 worker ants
  A hound zombie (D:8)
  3 gnolls (D:6)
  9 adders
  A white imp (D:9)
  2 ufetubi
  2 oozes
  An adder skeleton (D:7)
  3 dart slugs
  A leopard gecko (D:1)
  19 orcs
  A ball python (D:1)
  3 giant cockroaches
  2 hobgoblins
  3 jackals
  2 quokkas
  3 bats (D:3)
  4 frilled lizards
  A giant cockroach zombie (D:6)
  5 goblins
  5 kobolds
  A quokka skeleton (D:4)
  2 rats (D:3)
146 creatures vanquished.

Vanquished Creatures (others)
  An orc wizard (D:5)
  A fungus (D:8)
  A plant (D:8)
3 creatures vanquished.

Grand Total: 149 creatures vanquished

Notes
Turn   | Place    | Note
-------+----------+-------------------------------------------
     0 | D:1      | EnegeticOcto the Troll Fighter began the quest for the Orb.
     0 | D:1      | Reached XP level 1. HP: 22/22 MP: 0/0
    71 | D:1      | Reached XP level 2. HP: 26/29 MP: 1/1
   107 | D:2      | Reached skill level 3 in Unarmed Combat
   191 | D:2      | Reached XP level 3. HP: 32/36 MP: 2/2
   229 | D:2      | Reached skill level 3 in Fighting
   258 | D:3      | Reached XP level 4. HP: 44/45 MP: 3/3
   508 | D:3      | Reached skill level 4 in Unarmed Combat
   554 | D:4      | Reached XP level 5. HP: 51/53 MP: 4/4
   589 | D:4      | Noticed an ogre
   595 | D:4      | Killed an ogre
   595 | D:4      | Reached skill level 5 in Unarmed Combat
   595 | D:4      | Reached XP level 6. HP: 50/62 MP: 5/5
   710 | D:4      | Found Vounnoac's Armour Emporium.
   728 | D:5      | Entered Level 5 of the Dungeon
   751 | D:5      | Reached skill level 4 in Fighting
   754 | D:5      | Reached skill level 6 in Unarmed Combat
   768 | D:5      | Found a staircase to the Ecumenical Temple.
   778 | Temple   | Entered the Ecumenical Temple
   801 | Temple   | Became a worshipper of Ru the Awakened
   871 | D:5      | Reached XP level 7. HP: 58/70 MP: 4/6
   971 | D:5      | Found a runed translucent door.
   972 | D:5      | Noticed Crazy Yiuf
   998 | D:5      | Reached skill level 1 in Evocations
  1202 | D:7      | Reached skill level 7 in Unarmed Combat
  1211 | D:7      | Found Ziettiugh's Jewellery Boutique.
  1226 | D:6      | Found a shimmering altar of Xom.
  1227 | D:6      | Found a burning altar of Makhleb.
  1229 | D:6      | Found a snail-covered altar of Cheibriados.
  1229 | D:6      | Found a shattered altar of Ashenzari.
  1230 | D:6      | Reached skill level 2 in Evocations
  1230 | D:6      | Reached XP level 8. HP: 63/78 MP: 7/7
  1244 | D:6      | Found an opulent altar of Gozag.
  1244 | D:6      | Found a hazy altar of Hepliaklqana.
  1245 | D:6      | Found a glowing golden altar of the Shining One.
  1256 | D:6      | Reached skill level 5 in Fighting
  1261 | D:6      | Fell from the grace of Ru
  1261 | D:6      | Became a worshipper of Cheibriados the Contemplative
  1326 | D:7      | Found a sacrificial altar of Ru.
  1432 | D:7      | Reached skill level 8 in Unarmed Combat
  1547 | D:7      | Reached * piety under Cheibriados
  1558 | D:7      | Reached skill level 3 in Evocations
  1748 | D:8      | Reached skill level 9 in Unarmed Combat
  1755 | D:8      | Reached XP level 9. HP: 43/88 MP: 8/8
  1796 | D:9      | Noticed a +0 hand axe
  1796 | D:9      | Noticed a +0 hand axe
  1800 | D:9      | Found a hide-covered altar of Uskayaw.
  1815 | D:9      | Reached skill level 6 in Fighting
  1843 | D:8      | Reached ** piety under Cheibriados
  1848 | D:8      | Got a pair of brightly glowing boots
  1911 | D:9      | Found a runed translucent door.
  1913 | D:9      | Found a runed translucent gate.
  1913 | D:9      | Found a runed translucent gate.
  1919 | D:9      | Found a runed translucent gate.
  1921 | D:9      | Found a runed translucent door.
  1930 | D:9      | Reached skill level 10 in Unarmed Combat
  1930 | D:9      | Reached skill level 4 in Evocations
  2016 | D:9      | Reached *** piety under Cheibriados
  2041 | D:9      | Found the +9 staff of Olgreb {rPois∞}
  2115 | D:7      | Bought the cursed ring of Zeideck {rElec rPois Str-4 Dex+4}
                  | for 277 gold pieces
  2147 | D:8      | Found a staircase to the Lair.
  2168 | D:8      | Found Imokkezo's Weapon Shoppe.
  2171 | D:8      | Reached XP level 10. HP: 100/100 MP: 9/9
  2218 | Lair:1   | Entered Level 1 of the Lair of Beasts
  2235 | Lair:1   | Noticed a cane toad
  2242 | Lair:1   | Killed a cane toad
  2242 | Lair:1   | Reached skill level 11 in Unarmed Combat
  2256 | Lair:1   | Reached skill level 7 in Fighting
  2262 | Lair:1   | Noticed a cane toad
  2275 | Lair:1   | Killed a cane toad
  2275 | Lair:1   | Reached skill level 5 in Evocations
  2277 | Lair:1   | HP: 4/102 [yak (4)]
  2282 | Lair:1   | HP: 5/102 [poisoned by a cane toad]
  2286 | Lair:1   | Mangled by a yak

Illustrated notes

Levels and vault maps discovered:
D:1:      evilmike_arrival_rings, layout_basic
D:2:      layout_loops_corners, chequers_ecumenical_altar_twisty,
          mrwooster_statue_mirror, st_stairs_12
D:3:      minmay_spotlight, layout_loops_ring, overflow_temple_1_default,
          lemuel_coloured_pillars_altar, hex_large
D:4:      layout_loops_corners, serial_shops, shop, minmay_ruptured
D:5:      layout_basic, temple_pool_b, kennysheep_generic_room_16,
          uniq_crazy_yiuf_cottage
D:6:      layout_loops_ring, grunt_temple_overflow_open, okawaru_trees_1,
          kennysheep_little_box
D:7:      layout_loops_ring, serial_shops,
          nicolae_shop_temple_entry_statues_fountains,
          nicolae_shop_window_shopping, hangedman_ru_absence
D:8:      layout_gridville, nicolae_dithmenos_shadow_blocks,
          minmay_lair_entry_grove, serial_shops, shop, basic_altar
D:9:      layout_irregular_city, dancing_weapons_uskayaw,
          minmay_guarded_unrand_staff_of_olgreb
Temple:   corrupted_temple
Lair:1:   layout_chaotic_city, grunt_megastairs_5, lemuel_fruit_tree,
          serial_bayou_shore_a, serial_bayou_shore_b

Skill      XL: |  1  2  3  4  5  6  7  8  9 10 |
---------------+-------------------------------+-----
Unarmed Combat | 3 4 5 6 7 9 10 11 | 11.2
Fighting       | 3 4 5 6 7 |  7.0
Evocations     | 2 3 4 5 |  5.0
Dodging        | |  2.4
Shields        | |  2.4

Action                   |  1- 3 |  4- 6 |  7- 9 | 10-12 || total
-------------------------+-------+-------+-------+-------++-------
Melee: Unarmed           |    61 |   108 |   285 |    24 ||   478
Throw: Boomerang         |     1 |     2 |     5 |     3 ||    11
 Abil: Evoke Invisibilit |       |     1 |     4 |     2 ||     7
  Use: Scroll            |       |     7 |     2 |     1 ||    10
       Potion            |       |       |     1 |       ||     1
 Stab: Invisible         |       |     2 |     1 |     1 ||     4
Armor: Robe              |    20 |    23 |    74 |     4 ||   121
Dodge: Dodged            |    18 |    44 |    86 |     7 ||   155
Block: Kite shield       |    27 |    41 |   130 |    15 ||   213

Table legend: (Time is in decaauts)
 A = Elapsed time spent in this place.
 B = Non-inter-level travel time spent in this place.
 C = Inter-level travel time spent in this place.
 D = Time resting spent in this place.
 E = Time spent auto-exploring this place.
 F = Levels seen in this place.
 G = Mean time per level.
                   A        B        C        D        E       F      G
               +--------+--------+--------+--------+--------+-----+--------+
         Total |   2566 |   2385 |    181 |      0 |      0 |  11 |  233.3 |
       Dungeon |   2437 |   2256 |    181 |      0 |      0 |   9 |  270.8 |
        Temple |     36 |     36 |      0 |      0 |      0 |   1 |   36.0 |
          Lair |     91 |     91 |      0 |      0 |      0 |   1 |   91.0 |
               +--------+--------+--------+--------+--------+-----+--------+

Top non-repeatable levels by time:
     D:7: 536 daAuts
     D:8: 485 daAuts
     D:5: 329 daAuts
     D:3: 305 daAuts
     D:9: 250 daAuts
     D:4: 193 daAuts
     D:2: 152 daAuts
     D:6: 104 daAuts
  Lair:1: 91 daAuts
     D:1: 80 daAuts
  Temple: 36 daAuts
